 Dungeon Crawl Stone Soup version 0.26.1-11-gd32895ea62 (webtiles) character file.

Game seed: 3119965437562407201

3110 promet the Thaumaturge (level 9, -2/52 HPs)
             Began as a Deep Elf Air Elementalist on June 25, 2021.
             Was a Believer of Vehumet.
             Slain by an eight-headed hydra (18 damage)
             ... on level 8 of the Dungeon on June 26, 2021.
             The game lasted 01:38:33 (12114 turns).

promet the Thaumaturge (Deep Elf Air Elementalist) Turns: 12114, Time: 01:38:34

Health: -2/52      AC: 10    Str:  6    XL:     9   Next: 60%
Magic:  32/32      EV: 30    Int: 23    God:    Vehumet [**....]
Gold:   276        SH:  0    Dex: 15    Spells: 14/25 levels left

rFire    . . .     SeeInvis .   b - +0 hunting sling
rCold    . . .     Faith    .   (no shield)
rNeg     . . .     Spirit   .   r - +2 robe
rPois    .         Reflect  .   i - +0 helmet
rElec    .         Harm     .   y - +0 cloak
rCorr    .         Rampage  .   (no gloves)
Will     .....                  (no boots)
Stlth    +++.......             m - amulet of the acrobat
HPRegen  0.17/turn              e - ring of magical power
MPRegen  0.23/turn              q - +4 ring of protection

@: acrobat
A: no striking features
a: Renounce Religion


You were on level 8 of the Dungeon.
You worshipped Vehumet.
Vehumet was pleased with you.
You visited 2 branches of the dungeon, and saw 9 of its levels.

You collected 466 gold pieces.
You spent 190 gold pieces at shops.

Inventory:

Hand Weapons
 a - the +3 mace of the Hierophant {venom, +Inv rN+}
   (You found it on level 4 of the Dungeon)

   It poisons the flesh of those it strikes.
   It protects you from negative energy.
   It lets you turn invisible.
 b - a +0 hunting sling (weapon)
 j - a +0 spear
 k - a +0 long sword
 B - a +1 falchion of holy wrath
Missiles
 f - 253 stones
 g - 82 bolts
 h - 10 javelins
 p - 109 arrows
 A - 53 sling bullets (quivered ammo)
 D - 6 poisoned darts
Armour
 i - a +0 helmet (worn)
 r - a +2 robe (worn)
 y - a +0 cloak (worn)
Jewellery
 e - a ring of magical power (left hand)
 m - an amulet of the acrobat (around neck)
 q - a +4 ring of protection (right hand)
Wands
 z - a wand of iceblast (24)
Scrolls
 c - 4 scrolls of enchant weapon
 l - 5 scrolls of identify
 n - 3 scrolls of magic mapping
 o - 5 scrolls of teleportation
 s - 2 scrolls of amnesia
 u - 4 scrolls of remove curse
Potions
 d - a potion of heal wounds
 t - 6 potions of curing
 v - a potion of brilliance
 w - a potion of cancellation
 x - a potion of magic
 C - a potion of might


   Skills:
 * Level 4.6 Fighting
 + Level 2.6 Maces & Flails
 + Level 0.6 Polearms
 + Level 2.1(2.2) Slings
 + Level 0.4(1.7) Throwing
 + Level 4.7 Dodging
 + Level 3.7 Stealth
 + Level 8.9 Spellcasting
 + Level 5.6 Conjurations
 + Level 6.8 Air Magic


You had 14 spell levels left.
You knew the following spells:

 Your Spells              Type           Power        Failure   Level
a - Shock                 Conj/Air       100%         1%          1
b - Swiftness             Air            41%          1%          2
c - Static Discharge      Conj/Air       39%          1%          3
d - Airstrike             Air            20%          3%          4
e - Freeze                Ice            40%          6%          1

Your spell library contained the following spells:

 Spells                   Type           Power        Failure   Level
 Ignite Poison            Fire/Tmut/Pois 10%          19%         3
 Lightning Bolt           Conj/Air       19%          14%         5


Dungeon Overview and Level Annotations

Branches:
Dungeon (8/15)             Temple (1/1) D:5
   Lair: D:8-11

Altars:
Ashenzari
Dithmenos
Gozag
Makhleb
Nemelex Xobeh
Okawaru
Trog
Uskayaw
Vehumet
Wu Jian
The Shining One

Shops:
D:4 !:}(?   D:7 :

Annotations:
D:4 1 runed translucent door, oc3rt's ghost, novice KoHu


Message History

The eight-headed hydra misses you.
The eight-headed hydra bites you but does no damage.
The eight-headed hydra completely misses you.
The eight-headed hydra closely misses you.
The eight-headed hydra barely misses you.
The eight-headed hydra bites you. The eight-headed hydra misses you.
The eight-headed hydra completely misses you.
The eight-headed hydra misses you.
The eight-headed hydra completely misses you. x3
The eight-headed hydra misses you.
The eight-headed hydra closely misses you.
The eight-headed hydra bites you! The eight-headed hydra misses you.
The eight-headed hydra completely misses you. x2
The eight-headed hydra bites you! x2
The eight-headed hydra bites you but does no damage.
The eight-headed hydra completely misses you.
The eight-headed hydra misses you.
The eight-headed hydra completely misses you.
The eight-headed hydra bites you!!
You die...

#.#######.#.#
############# #.#
#...#
##............
#.## #.###
#...##########
#..######.#
####.###.##
##...)..).# ##.#.#
##.########
#..#####.# ##....#
#......... #..#
#)###.....##
#.######## #..#
#......D...# #.##
#..#
#####..@..#...#
#..# ##....###.#
## #..# #....# #
##.## #.......5.
......# #....
##.#######......##
##.## #.# #.###.##
#...# #.# #. #.#
.###.#.#. #.# #
≈≈≈ .......<. #.#
≈≈≈ .###.#.#.


You could see an eight-headed hydra.

Vanquished Creatures
  Pikel (D:8)
  2 orc warriors
  3 ice beasts
  2 sky beasts
  A necrophage (D:6)
  3 ogres
  A centaur (D:6)
  Blork the orc (D:4)
  A big kobold (D:8)
  2 bullfrogs
  2 scorpions
  A howler monkey (D:4)
  2 quasits
  A jelly (D:6)
  An orc wizard (D:6)
  5 gnoll shamans (D:5)
  3 orc priests
  2 hounds
  An iguana (D:6)
  6 worker ants
  A killer bee zombie (D:6)
  2 hound skeletons
  32 gnolls (D:5)
  10 adders
  2 ufetubi
  4 oozes
  An adder zombie (D:7)
  2 worms
  A dart slug (D:3)
  3 leopard geckos
  14 orcs
  5 giant cockroaches
  2 goblins (D:2)
  4 hobgoblins
  16 jackals
  3 quokkas
  3 ball pythons
  A ball python skeleton (D:4)
  10 bats
  5 frilled lizards
  8 kobolds
  A leopard gecko skeleton (D:7)
  A quokka skeleton (D:4)
  5 rats
177 creatures vanquished.

Vanquished Creatures (others)
  3 fungi (D:2)
  3 plants (D:5)
6 creatures vanquished.

Grand Total: 183 creatures vanquished

Notes
Turn   | Place    | Note
-------+----------+-------------------------------------------
     0 | D:1      | promet the Deep Elf Air Elementalist began the quest for
                  | the Orb.
     0 | D:1      | Reached XP level 1. HP: 10/10 MP: 6/6
   413 | D:1      | Reached XP level 2. HP: 15/15 MP: 5/8
   968 | D:1      | Learned a level 2 spell: Swiftness
  1740 | D:2      | Reached XP level 3. HP: 19/19 MP: 10/10
  2519 | D:3      | Learned a level 3 spell: Static Discharge
  3177 | D:4      | Found Cizehek's Gadget Emporium.
  3189 | D:3      | Reached skill level 1 in Fighting
  3189 | D:3      | Reached XP level 4. HP: 20/25 MP: 11/11
  3269 | D:4      | Reached skill level 4 in Spellcasting
  3615 | D:4      | Reached XP level 5. HP: 16/29 MP: 13/13
  3900 | D:4      | Found a runed translucent door.
  3915 | D:4      | Noticed oc3rt's ghost (novice KoHu)
  3933 | D:4      | Found Qucu's Distillery.
  3936 | D:4      | Got a pitted mace
  3937 | D:4      | Identified the +3 mace of the Hierophant {venom, +Inv rN+}
                  | (You found it on level 4 of the Dungeon)
  3946 | D:4      | Bought 2 potions of curing for 72 gold pieces
  3973 | D:4      | Found Ojubb's Book Shoppe.
  4177 | D:4      | Reached skill level 5 in Spellcasting
  4400 | D:4      | Found Falaocow's Antique Weapon Emporium.
  4424 | D:4      | Noticed Blork the orc
  4433 | D:4      | Killed Blork the orc
  4434 | D:4      | Reached XP level 6. HP: 30/35 MP: 15/15
  4668 | D:4      | Found Subra's Magic Scroll Boutique.
  4674 | D:4      | Bought a scroll of teleportation for 36 gold pieces
  4674 | D:4      | Bought a scroll of teleportation for 36 gold pieces
  5076 | D:5      | Entered Level 5 of the Dungeon
  5131 | D:5      | Found a staircase to the Ecumenical Temple.
  5200 | D:5      | Noticed an ice beast
  5217 | D:5      | Killed an ice beast
  5218 | D:5      | Reached XP level 7. HP: 22/40 MP: 17/17
  5445 | Temple   | Entered the Ecumenical Temple
  5476 | Temple   | Became a worshipper of Vehumet
  5699 | D:5      | Reached skill level 1 in Maces & Flails
  5892 | D:5      | Reached skill level 5 in Air Magic
  6727 | D:5      | Reached skill level 6 in Spellcasting
  7044 | D:5      | Reached * piety under Vehumet
  7044 | D:5      | Offered knowledge of Freeze by Vehumet.
  7272 | D:5      | Reached XP level 8. HP: 25/45 MP: 19/19
  7405 | D:5      | Learned a level 4 spell: Airstrike
  8166 | D:6      | Learned a level 1 spell: Freeze
  8332 | D:6      | Reached skill level 7 in Spellcasting
  8334 | D:6      | Reached ** piety under Vehumet
  8334 | D:6      | Offered knowledge of Searing Ray by Vehumet.
  8522 | D:4      | Bought a hunting sling for 46 gold pieces
  9031 | D:2      | Found a broken altar of Ashenzari.
  9035 | D:2      | Saw a vision of the Swamp and the Snake Pit.
  9035 | D:2      | Noticed a black mamba
  9035 | D:2      | Noticed a goliath frog
  9035 | D:2      | Noticed a black mamba
  9035 | D:2      | Noticed a black mamba
  9035 | D:2      | Noticed a shock serpent
  9035 | D:2      | Noticed a black mamba
  9035 | D:2      | Noticed a black mamba
  9230 | D:6      | Reached skill level 5 in Conjurations
 10309 | D:7      | Found Paam Nym's Book Emporium.
 10398 | D:7      | Reached skill level 1 in Slings
 10398 | D:7      | Reached XP level 9. HP: 52/52 MP: 22/22
 10852 | D:7      | Offered knowledge of Ignite Poison by Vehumet.
 11116 | D:8      | Noticed a two-headed ogre
 11352 | D:8      | Reached skill level 8 in Spellcasting
 11925 | D:8      | Noticed Pikel
 11974 | D:8      | Killed Pikel
 12105 | D:8      | Noticed an eight-headed hydra
 12114 | D:8      | Slain by an eight-headed hydra

Illustrated notes

Levels and vault maps discovered:
D:1:      elethiomel_arrival_infinity_welcomes_careful_drivers,
          layout_loops_ring, minmay_door_square, nrook_loot_triangle
D:2:      layout_rooms, grunt_ashenzari_visionary
          [grunt_ashenzari_visionary_swamp, grunt_ashenzari_visionary_snake]
D:3:      layout_basic
D:4:      layout_rooms, serial_shops, nicolae_shop_stone, shop,
          kennysheep_mini_moat, shop, shop, ebering_ghost_inner_flame,
          uniq_blork_the_orc
D:5:      lemuel_castle_with_subvaults [lemuel_castle_interior_carwin_3],
          layout_rooms, minmay_temple_entry_wispy
D:6:      layout_gridville
D:7:      layout_rooms, serial_shops, shop_fountains, st_stairs_10, nrook_uturn
D:8:      layout_loops_ring, minmay_crystal_water, uniq_pikel
Temple:   regret_index_temple_sigil_plot

Skill      XL: |  1  2  3  4  5  6  7  8  9 |
---------------+----------------------------+-----
Fighting       | 1 2 3 4 |  4.6
Spellcasting   | 4 5 6 7 8 |  8.9
Conjurations   | 2 3 4 5 |  5.6
Air Magic      | 4 5 6 |  6.8
Dodging        | 3 4 |  4.7
Stealth        | 3 |  3.7
Maces & Flails | 1 2 |  2.6
Slings         | 1 2 |  2.1
Polearms       | |  0.6
Throwing       | |  0.4

Action                   |  1- 3 |  4- 6 |  7- 9 || total
-------------------------+-------+-------+-------++-------
Melee: Unarmed           |     1 |       |       ||     1
       Spear             |     8 |    21 |    21 ||    50
       Club              |     1 |       |       ||     1
       Mace              |       |    33 |   134 ||   167
 Fire: Hunting sling     |       |       |    36 ||    36
Throw: Javelin           |     1 |     5 |       ||     6
 Cast: Shock             |    90 |    70 |   229 ||   389
       Swiftness         |     2 |     2 |       ||     4
       Static Discharge  |       |     6 |    17 ||    23
       Airstrike         |       |       |    14 ||    14
       Freeze            |       |       |     1 ||     1
  Use: Scroll            |    11 |       |     6 ||    17
       Potion            |     3 |     2 |     1 ||     6
 Stab: Sleeping          |     1 |       |       ||     1
Armor: Robe              |     7 |    29 |    96 ||   132
Dodge: Dodged            |    30 |    57 |   219 ||   306
